Map: Mech Depot LE

Players

Metasapien - Winner!

  • Race: Zerg Zerg
  • League: Platinum
  • Spawn Location: 1:00

A.I. 1 (Elite)

  • Race: Zerg Zerg
  • Spawn Location: 7:00

VOD

Have the link to the VOD?

Description

Time

  • Played on: Sept. 17, 2017, 3:48 p.m.
  • Length: 21:47
Show
View Real Time Build Order
Export as new Build Order

Metasapien Zerg - Winner!

Build Orders: Hatch First 

Get SALT Encoding   

  12  0:01  Drone  
  13  0:13  Overlord  
  13  0:17  Drone  
  13  0:21  Extractor  
  13  0:24  Drone  
  15  0:39  Drone  
  15  0:40  Drone  
  17  0:57  Extractor  
  17  0:59  Hatchery  
  17  1:02  Drone  
  17  1:04  Drone  
  17  1:08  Drone  
  18  1:26  Drone, Spawning Pool  
  18  1:31  Drone  
  19  1:39  Drone  
  20  1:51  Overlord  
  20  2:08  Drone, Extractor  
  20  2:12  Drone  
  20  2:14  Queen  
  20  2:15  Queen  
  25  2:16  Drone  
  26  2:23  Zergling x2  
  26  2:24  Zergling x2  
  28  2:32  Metabolic Boost  
  28  2:42  Overlord  
  28  2:45  Drone x2, Spine Crawler  
  29  3:04  Lair  
  29  3:06  Zergling x4  
  29  3:08  Drone  
  29  3:09  Drone  
  29  3:12  Drone  
  34  3:24  Drone, Evolution Chamber  
  34  3:26  Drone  
  35  3:29  Overlord  
  35  3:32  Drone  
  36  3:35  Drone  
  37  3:42  Drone x2  
  37  3:48  Drone  
  40  3:49  Drone  
  40  3:50  Drone  
  40  3:52  Drone  
  42  4:05  Infestation Pit  
  42  4:08  Zerg Ground Armor Level 1  
  41  4:13  Evolution Chamber  
  41  4:15  Drone x3  
  44  4:17  Drone  
  44  4:18  Drone  
  44  4:21  Overlord  
  45  4:29  Hydralisk Den  
  46  4:55  Hive  
  46  4:58  Drone x3  
  46  4:59  Drone x2  
  49  5:01  Extractor  
  49  5:02  Zergling x6  
  49  5:03  Extractor, Zergling x8  
  54  5:07  Zerg Melee Weapons Level 1  
  54  5:13  Hatchery  
  53  5:24  Hydralisk  
  53  5:25  Hydralisk x2  
  59  5:36  Drone  
  59  5:37  Overlord x2  
  60  5:47  Spine Crawler  
  59  5:53  Pneumatized Carapace  
  59  6:14  Zerg Missile Weapons Level 1  
  59  6:16  Zergling x6  
  59  6:17  Zergling x6  
  59  6:18  Hydralisk x4  
  65  6:19  Hydralisk  
  65  6:23  Adrenal Glands  
  75  6:29  Queen  
  75  6:30  Drone  
  78  6:46  Drone  
  79  6:53  Overlord x2  
  79  6:56  Overlord x2  
  79  6:59  Drone  
  79  7:00  Drone x2  
  81  7:07  Extractor  
  80  7:09  Overlord x2  
  80  7:10  Overlord  
  80  7:16  Queen  
  82  7:24  Ultralisk Cavern  
  82  7:25  Drone x2  
  82  7:26  Drone  
  82  7:27  Drone  
  82  7:28  Drone x2  
  87  7:42  Zergling x10, Hydralisk  
  87  7:43  Hydralisk  
  96  7:47  Drone x3  
  99  7:53  Zerg Melee Weapons Level 2  
  99  8:18  Drone x5  
  104  8:20  Drone  
  104  8:21  Drone x2  
  104  8:25  Extractor  
  106  8:27  Overseer, Hatchery  
  106  8:31  Ultralisk x2  
  117  8:42  Unknown  
  116  8:49  Hydralisk x2  
  116  8:51  Zergling x6, Ultralisk  
  116  8:52  Zergling x4  
  96  9:15  Zergling x10  
  96  9:16  Zergling x12  
  97  9:21  Queen x2  
  97  9:22  Queen  
  102  9:38  Hydralisk x2  
  102  9:39  Hydralisk x2  
  102  9:40  Zergling x4  
  102  9:41  Zergling x2  
  113  9:46  Drone, Queen  
  116  9:57  Queen  
  116  9:58  Burrow  
  118  10:03  Unknown  
  113  10:11  Muscular Augments  
  96  10:15  Zerg Missile Weapons Level 2  
  82  10:24  Hydralisk x2  
  82  10:26  Ultralisk x2  
  82  10:28  Zergling x10  
  101  10:29  Zergling x2  
  104  10:38  Drone  
  104  10:39  Drone, Evolution Chamber, Zerg Melee Weapons Level 3  
  105  10:47  Drone x4  
  109  10:53  Drone x2  
  111  11:07  Unknown  
  111  11:12  Hydralisk x3  
  111  11:14  Zergling x4  
  111  11:15  Ultralisk x2, Hydralisk  
  111  11:17  Infestor  
  135  11:19  Zergling x2  
  136  11:35  Chitinous Plating  
  136  11:38  Zerg Ground Armor Level 2  
  136  11:51  Overlord x4  
  136  11:52  Overlord x3  
  136  11:53  Overlord  
  136  12:12  Extractor  
  136  12:13  Extractor  
  134  12:26  Hatchery  
  134  12:29  Spine Crawler  
  132  12:33  Hydralisk x2  
  132  12:34  Hydralisk x6  
  132  12:35  Hydralisk  
  132  12:36  Ultralisk x3  
  168  12:37  Zergling x2  
  168  12:38  Zergling x4  
  118  12:58  Swarm Host  
  118  12:59  Zergling x6  
  118  13:00  Zergling x12  
  127  13:37  Hatchery  
  127  13:39  Drone, Queen  
  129  13:51  Zergling x2  
  129  13:52  Zergling x40  
  129  13:53  Zergling x12  
  156  14:00  Zerg Missile Weapons Level 3  
  156  14:06  Drone x2  
  156  14:08  Drone x3  
  156  14:09  Unknown  
  161  14:10  Drone  
  125  14:46  Zergling x2, Hydralisk x3  
  125  14:47  Hydralisk x4  
  125  14:48  Ultralisk, Hydralisk  
  125  14:49  Ultralisk x2, Hydralisk  
  152  14:58  Zerg Ground Armor Level 3  
  150  15:05  Extractor  
  150  15:06  Extractor  
  148  15:17  Unknown  
  142  15:24  Hydralisk x2  
  142  15:26  Ultralisk x3  
  142  15:27  Zergling x4  
  147  15:46  Drone x3  
  147  15:47  Drone x3  
  153  15:52  Drone x4  
  153  15:54  Drone  
  153  15:55  Extractor  
  157  15:59  Extractor  
  157  16:01  Zergling x2  
  157  16:02  Zergling x32  
  173  16:21  Hydralisk x3  
  173  16:22  Hydralisk x3  
  185  16:45  Hatchery  
  176  16:57  Unknown  
  176  16:58  Hydralisk x2  
  176  16:59  Zergling x8  
  176  17:00  Zergling x14  
  176  17:01  Zergling x12  
  185  17:02  Zergling x2  
  149  17:39  Unknown  
  135  18:15  Zergling x6  
  135  18:16  Zergling x38  
  151  18:20  Drone  
  151  18:21  Drone x2  
  147  18:52  Extractor  
  147  18:53  Extractor  
  144  19:12  Hydralisk x4  
  144  19:13  Hydralisk x3  
  144  19:14  Infestor x3  
  144  19:15  Hydralisk x2  
  174  19:17  Ultralisk x3  
  174  19:18  Zergling x10  
  174  19:19  Zergling x12  
  174  19:20  Zergling x4  
  191  19:36  Unknown  
  189  19:39  Unknown  
  181  21:03  Zergling x4  
  181  21:04  Zergling x8  
  186  21:08  Hatchery  
Show
View Real Time Build Order
Export as new Build Order

A.I. 1 (Elite) Zerg 

Build Orders: Pool First 

Get SALT Encoding   

  12  0:00  Drone  
  13  0:12  Overlord  
  13  0:17  Drone  
  14  0:30  Drone x2  
  16  0:42  Spawning Pool  
  15  0:44  Drone  
  15  0:49  Drone  
  17  1:11  Hatchery  
  16  1:12  Drone  
  16  1:15  Extractor  
  16  1:17  Drone  
  17  1:21  Drone  
  18  1:27  Drone  
  19  1:38  Overlord  
  19  1:47  Queen  
  19  1:49  Drone  
  22  1:59  Zergling x2  
  23  2:10  Drone  
  24  2:21  Drone  
  25  2:22  Roach Warren  
  25  2:23  Queen  
  25  2:24  Extractor  
  25  2:26  Drone  
  26  2:34  Drone  
  27  2:41  Overlord  
  27  2:45  Drone  
  27  2:48  Drone  
  29  2:54  Drone x2  
  29  2:57  Drone  
  32  3:01  Zergling x2  
  32  3:04  Zergling x2  
  34  3:08  Roach  
  36  3:15  Roach  
  36  3:16  Roach  
  40  3:26  Roach  
  43  3:27  Drone  
  43  3:29  Drone  
  43  3:30  Overlord  
  44  3:37  Lair  
  44  3:42  Metabolic Boost  
  44  3:48  Drone  
  44  3:50  Drone  
  44  3:52  Drone  
  44  3:54  Zergling x2  
  47  3:57  Drone  
  47  3:59  Drone  
  47  4:01  Drone  
  50  4:03  Drone  
  50  4:07  Overlord  
  51  4:16  Drone, Evolution Chamber  
  51  4:18  Drone, Evolution Chamber  
  51  4:25  Drone x2  
  51  4:26  Drone  
  51  4:30  Drone  
  56  4:31  Drone  
  56  4:33  Drone  
  56  4:35  Drone  
  56  4:36  Infestation Pit  
  56  4:37  Drone  
  58  4:44  Zerg Missile Weapons Level 1  
  58  4:46  Zerg Ground Armor Level 1  
  58  4:49  Overlord  
  58  4:52  Overlord  
  58  4:54  Drone  
  59  5:07  Drone x2, Extractor, Roach  
  59  5:08  Hydralisk Den, Drone  
  59  5:09  Drone  
  59  5:11  Drone  
  59  5:12  Drone  
  65  5:14  Roach  
  65  5:17  Overlord  
  65  5:20  Roach  
  69  5:23  Roach  
  71  5:30  Drone x2  
  71  5:31  Extractor  
  71  5:32  Drone  
  73  5:36  Overlord  
  73  5:39  Hydralisk x4  
  73  5:42  Hydralisk  
  83  5:54  Overlord, Drone, Hydralisk  
  83  5:55  Ravager  
  87  5:59  Drone  
  87  6:01  Drone  
  89  6:05  Roach  
  89  6:08  Ravager, Hatchery  
  91  6:12  Hydralisk  
  91  6:13  Drone, Roach  
  91  6:14  Overlord  
  91  6:16  Roach  
  98  6:31  Infestor, Hydralisk  
  98  6:32  Overlord  
  102  6:45  Infestor  
  104  6:48  Roach  
  104  6:51  Overlord, Roach  
  108  7:00  Spine Crawler  
  107  7:03  Spine Crawler  
  107  7:06  Overseer  
  106  7:09  Zerg Missile Weapons Level 2  
  106  7:19  Queen  
  106  7:20  Drone x4  
  106  7:21  Overlord, Drone x3  
  106  7:22  Drone x4  
  119  7:23  Drone  
  119  7:28  Drone  
  121  7:30  Drone x2  
  121  7:31  Zerg Ground Armor Level 2  
  121  7:33  Extractor  
  121  7:35  Hatchery  
  121  7:39  Drone  
  121  7:40  Overlord, Drone  
  121  7:43  Drone  
  124  7:44  Drone  
  124  7:45  Drone  
  124  7:46  Drone  
  124  7:48  Drone  
  124  7:50  Glial Reconstitution  
  128  7:52  Pneumatized Carapace  
  128  7:55  Drone  
  129  7:58  Spore Crawler  
  129  7:59  Overlord, Drone  
  129  8:06  Drone, Spore Crawler  
  129  8:08  Roach  
  129  8:10  Drone, Spore Crawler, Hydralisk  
  133  8:13  Hydralisk  
  133  8:15  Hydralisk  
  133  8:18  Overlord, Hydralisk  
  139  8:24  Lurker Den  
  139  8:31  Spine Crawler  
  138  8:36  Extractor  
  138  8:39  Burrow  
  137  8:44  Queen  
  137  8:48  Drone x4  
  141  8:49  Drone  
  141  8:52  Overlord  
  141  8:54  Drone, Extractor, Hatchery  
  144  8:55  Drone  
  144  8:58  Zergling x2  
  144  8:59  Zergling x2  
  127  9:04  Roach  
  127  9:07  Roach  
  124  9:12  Roach  
  124  9:14  Drone, Spine Crawler  
  124  9:15  Roach  
  126  9:23  Drone, Evolution Chamber  
  124  9:25  Spire  
  124  9:26  Drone  
  124  9:30  Ravager  
  104  9:33  Extractor, Roach  
  104  9:34  Drone, Roach  
  104  9:36  Roach  
  104  9:37  Roach  
  112  9:39  Hydralisk  
  112  9:42  Hydralisk  
  116  9:46  Ravager  
  116  9:48  Roach  
  116  9:49  Roach  
  116  9:50  Hydralisk x2  
  116  9:51  Hive  
  125  9:56  Infestor  
  125  9:58  Drone x2, Spine Crawler  
  125  9:59  Drone  
  127  10:00  Roach  
  127  10:01  Drone x2  
  127  10:02  Drone x2  
  127  10:03  Drone x3  
  127  10:04  Drone x2, Spine Crawler  
  127  10:05  Drone  
  127  10:06  Drone x6, Infestor, Zergling x4  
  127  10:07  Drone x3  
  127  10:08  Drone x2  
  127  10:09  Roach  
  127  10:12  Roach  
  127  10:13  Roach  
  128  10:15  Drone x2  
  128  10:17  Drone, Roach  
  131  10:34  Queen  
  133  10:37  Queen, Mutalisk  
  133  10:39  Roach  
  133  10:42  Spore Crawler  
  138  10:43  Drone  
  138  10:45  Spore Crawler, Hydralisk  
  138  10:46  Drone  
  138  10:48  Hydralisk  
  138  10:49  Hydralisk  
  143  10:52  Hydralisk  
  143  10:53  Lurker  
  143  10:55  Hydralisk  
  150  10:59  Spine Crawler  
  150  11:01  Drone, Spine Crawler  
  150  11:02  Lurker  
  150  11:03  Drone, Zerg Missile Weapons Level 3  
  151  11:04  Hydralisk  
  151  11:05  Zerg Ground Armor Level 3  
  151  11:11  Viper  
  153  11:18  Mutalisk  
  156  11:20  Drone, Extractor  
  156  11:21  Extractor, Mutalisk  
  156  11:22  Drone  
  160  11:27  Overlord, Mutalisk, Hatchery  
  160  11:28  Drone  
  160  11:29  Overseer  
  162  11:36  Overseer  
  162  11:40  Spore Crawler  
  162  11:41  Drone  
  162  11:42  Drone, Spore Crawler  
  162  11:44  Drone, Spine Crawler  
  162  11:51  Viper  
  165  11:57  Hydralisk Den  
  165  11:58  Drone  
  165  11:59  Extractor, Mutalisk  
  165  12:00  Drone  
  167  12:03  Mutalisk  
  167  12:04  Overlord  
  167  12:07  Mutalisk  
  171  12:11  Mutalisk  
  173  12:16  Corruptor  
  173  12:20  Corruptor  
  177  12:23  Spine Crawler  
  177  12:24  Overlord, Drone  
  177  12:25  Spine Crawler  
  177  12:27  Drone, Greater Spire  
  177  12:29  Roach  
  177  12:34  Hydralisk  
  177  12:35  Hydralisk x2  
  177  12:37  Spore Crawler, Mutalisk  
  177  12:38  Drone, Queen  
  177  12:39  Hydralisk  
  177  12:41  Mutalisk, Hydralisk  
  177  12:42  Zergling x4  
  177  12:43  Roach  
  180  12:45  Mutalisk  
  180  12:47  Overseer  
  156  12:54  Roach x3  
  156  12:57  Roach  
  146  13:00  Infestor  
  146  13:02  Spore Crawler  
  146  13:03  Drone  
  146  13:04  Hydralisk  
  146  13:05  Hydralisk  
  136  13:06  Spore Crawler  
  136  13:07  Drone, Hydralisk  
  136  13:08  Spore Crawler  
  136  13:10  Drone, Roach  
  136  13:12  Hydralisk  
  124  13:14  Unknown  
  124  13:15  Hydralisk  
  124  13:17  Hydralisk  
  130  13:20  Hydralisk  
  130  13:23  Hydralisk  
  130  13:25  Hydralisk  
  136  13:27  Infestor  
  136  13:30  Infestor  
  140  13:39  Zerg Flyer Weapons Level 1, Brood Lord, Corruptor  
  140  13:40  Brood Lord  
  146  13:43  Corruptor  
  148  13:54  Pathogen Glands  
  148  14:03  Spore Crawler  
  148  14:04  Drone, Hydralisk  
  148  14:05  Drone x9, Infestor  
  148  14:06  Drone x2  
  148  14:08  Roach  
  150  14:11  Infestor  
  150  14:12  Queen, Zergling x2  
  150  14:14  Drone  
  150  14:15  Drone x9  
  150  14:16  Drone x2  
  152  14:17  Drone, Roach x2  
  152  14:20  Hatchery, Hydralisk  
  152  14:23  Drone  
  135  14:24  Drone x2, Zergling x2  
  135  14:25  Drone  
  135  14:26  Drone  
  135  14:28  Drone, Roach  
  135  14:29  Roach  
  135  14:30  Drone  
  120  14:31  Drone x2  
  120  14:32  Drone x5  
  120  14:33  Roach  
  120  14:35  Hydralisk  
  120  14:38  Zergling x2  
  119  14:39  Hydralisk  
  119  14:42  Drone x7  
  119  14:44  Drone  
  117  14:45  Drone  
  117  14:50  Roach  
  117  14:51  Neural Parasite  
  117  14:52  Drone  
  115  14:53  Drone  
  115  14:55  Drone  
  115  14:57  Drone  
  115  14:58  Drone  
  119  15:01  Drone, Brood Lord  
  119  15:02  Drone  
  119  15:03  Drone  
  124  15:07  Corruptor  
  124  15:08  Drone  
  124  15:09  Roach x2  
  124  15:11  Roach  
  124  15:13  Roach  
  132  15:15  Roach  
  132  15:17  Roach  
  133  15:21  Drone x7, Zergling x2  
  133  15:22  Drone x7, Baneling Nest  
  133  15:23  Drone  
  133  15:24  Mutalisk  
  133  15:26  Drone  
  136  15:29  Mutalisk  
  136  15:33  Mutalisk  
  140  15:45  Brood Lord  
  140  15:48  Corruptor  
  144  15:52  Spine Crawler  
  144  15:53  Drone  
  144  15:54  Spine Crawler, Brood Lord  
  144  15:56  Drone  
  146  15:59  Corruptor  
  148  16:07  Spine Crawler  
  148  16:08  Drone, Zergling x2, Baneling  
  148  16:11  Spine Crawler  
  148  16:12  Infestor  
  148  16:13  Drone  
  148  16:15  Infestor  
  148  16:17  Infestor  
  155  16:20  Infestor  
  155  16:22  Hydralisk  
  155  16:24  Viper  
  162  16:26  Brood Lord  
  162  16:30  Corruptor  
  166  16:40  Mutalisk  
  166  16:42  Mutalisk  
  166  16:45  Drone, Spore Crawler  
  170  16:47  Hydralisk  
  170  16:48  Overlord, Drone x2, Hydralisk  
  170  16:51  Overseer  
  171  16:55  Zergling x2  
  171  16:56  Zergling x2  
  171  17:02  Corruptor  
  171  17:05  Hydralisk  
  175  17:08  Overlord  
  175  17:09  Drone x2  
  175  17:10  Drone x2  
  175  17:11  Drone x3  
  175  17:12  Hydralisk  
  175  17:15  Drone x2  
  175  17:16  Hydralisk  
  175  17:18  Drone  
  175  17:20  Zergling x2  
  175  17:21  Hydralisk  
  164  17:23  Zergling x2  
  164  17:24  Hydralisk  
  164  17:26  Roach  
  164  17:28  Roach  
  164  17:29  Roach  
  142  17:31  Roach  
  142  17:32  Roach  
  142  17:34  Roach  
  142  17:36  Roach  
  130  17:41  Hydralisk  
  130  17:42  Drone x5  
  107  17:44  Drone x2, Zergling x2  
  107  17:45  Hydralisk  
  107  17:46  Drone  
  107  17:47  Zergling x2  
  107  17:49  Hydralisk  
  107  17:50  Drone, Roach x2  
  107  17:51  Drone x2  
  107  17:52  Corruptor  
  107  17:53  Drone x3  
  107  17:55  Drone  
  107  17:57  Drone x2  
  107  17:58  Drone x2  
  99  17:59  Drone x3  
  99  18:00  Drone  
  99  18:01  Drone  
  99  18:02  Drone  
  99  18:03  Drone  
  99  18:04  Drone x3, Roach  
  99  18:05  Drone x2, Hatchery  
  96  18:07  Roach  
  96  18:08  Zergling x2  
  96  18:10  Roach  
  96  18:12  Roach  
  91  18:13  Zergling x2  
  91  18:15  Roach  
  91  18:16  Drone  
  91  18:18  Drone  
  91  18:19  Drone  
  89  18:20  Drone, Hydralisk  
  89  18:21  Drone, Roach  
  89  18:23  Drone  
  89  18:24  Drone, Roach  
  89  18:25  Drone, Roach  
  94  18:29  Drone x2  
  94  18:30  Drone  
  94  18:31  Zergling x2  
  94  18:32  Drone, Hydralisk  
  94  18:33  Drone  
  89  18:39  Roach  
  84  18:41  Zergling x2  
  84  18:42  Drone  
  84  18:43  Drone, Hydralisk  
  84  18:44  Drone  
  84  18:46  Roach  
  84  18:48  Roach  
  83  18:49  Corruptor  
  83  18:53  Zergling x2  
  83  18:54  Roach  
  75  18:56  Roach  
  75  18:58  Hydralisk  
  75  19:00  Drone  
  75  19:02  Roach  
  78  19:03  Drone  
  78  19:04  Drone x2  
  78  19:05  Drone x3  
  78  19:07  Drone  
  78  19:08  Drone  
  78  19:09  Drone  
  86  19:10  Drone, Roach  
  86  19:11  Drone  
  86  19:13  Drone x2  
  86  19:14  Drone  
  89  19:19  Roach  
  89  19:23  Zergling x2, Hatchery  
  79  19:24  Roach  
  79  19:25  Zergling x2  
  79  19:26  Drone, Hydralisk  
  79  19:27  Roach  
  79  19:30  Hatchery  
  69  19:31  Roach  
  69  19:32  Roach  
  69  19:34  Hydralisk  
  69  19:36  Hydralisk  
  69  19:37  Drone  
  70  19:40  Roach  
  70  19:42  Roach  
  70  19:43  Drone  
  70  19:45  Drone, Queen, Zergling x2  
  74  19:47  Zergling x2  
  74  19:49  Drone  
  74  19:50  Drone  
  71  20:03  Roach  
  71  20:06  Spawning Pool  
  66  20:10  Roach  
  66  20:11  Drone, Roach  
  66  20:14  Overlord x2  
  53  20:34  Hatchery  
  46  20:38  Overlord, Drone  
  46  20:40  Extractor  
  46  20:41  Overlord  
  40  20:50  Spawning Pool  
  40  20:52  Extractor  
  40  20:56  Extractor  
  29  21:06  Drone  
  29  21:08  Drone  
  28  21:13  Drone  
  28  21:16  Drone  
  20  21:18  Drone  
  20  21:19  Drone  
  20  21:21  Drone  
  20  21:24  Drone  
  14  21:25  Drone  
  7  21:39  Hatchery  
  3  21:43  Hatchery  
Tags
 
Add a new tag
Caveats
  • Supply blocks, unpowered buildings, or Contaminate may cause inaccurate times.
  • Supply counts are checked every 10 seconds.